 Dungeon Crawl Stone Soup version 0.29.1-1-gd02db6906a (webtiles) character file.

Game seed: 15180979039552496594

51 RogueRain17 the Shooter (level 3, -3/27 HPs)
             Began as a Demonspawn Hunter on Oct 2, 2022.
             Slain by a gnoll
             ... wielding a +0 flail
              (8 damage)
             ... on level 2 of the Dungeon.
             The game lasted 00:01:36 (486 turns).

RogueRain17 the Shooter (Demonspawn Hunter)          Turns: 486, Time: 00:01:37

Health: -3/27      AC:  3    Str: 11    XL:     3   Next: 58%
Magic:  3/3        EV: 12    Int: 10    God:
Gold:   65         SH:  0    Dex: 18    Spells: 2/2 levels left

rFire   . . .      SeeInvis .   a - +0 shortbow
rCold   . . .      Faith    .   (shield currently unavailable)
rNeg    . . .      Spirit   .   c - +0 leather armour
rPois   .          Reflect  .   (no helmet)
rElec   .          Harm     .   (no cloak)
rCorr   .          Rampage  .   (no gloves)
Will    .....                   (no boots)
Stlth   ++........              (no amulet)
HPRegen 0.09/turn               (no ring)
MPRegen 0.08/turn               (no ring)

@: no status effects
A: claws 1
a: no special abilities


You were on level 2 of the Dungeon.
You visited 1 branch of the dungeon, and saw 2 of its levels.

You collected 65 gold pieces.

Inventory:

Hand Weapons
 a - a +0 shortbow (weapon)
Armour
 c - a +0 leather armour (worn)
Scrolls
 b - a scroll of immolation
 e - a scroll of teleportation {unknown}
 f - a scroll of brand weapon {unknown}
 h - 2 scrolls of identify {unknown}
 i - a scroll of vulnerability {unknown}
Potions
 d - a potion of degeneration {unknown}
 g - a potion of magic {unknown}
 j - a potion of attraction {unknown}


   Skills:
 - Level 2.0 Fighting
 * Level 4.5 Ranged Weapons
 - Level 1.7 Dodging
 + Level 2.0 Stealth


You had 2 spell levels left.
You didn't know any spells.
Your spell library was empty.

Dungeon Overview and Level Annotations

Branches:
Dungeon (1/15)

Altars:

Annotations:
D:2 1 runed translucent door, Crazy Yiuf


Innate Abilities, Weirdness & Mutations

You have sharp fingernails.


Message History

You shoot an arrow. The arrow hits the gnoll!
You kill the gnoll!
Your Stealth skill increases to level 2!
You shoot an arrow. The arrow barely misses the gnoll.
You shoot an arrow.
The arrow hits the gnoll but does no damage.
The gnoll is heavily wounded.
The gnoll barely misses you. The gnoll hits you with a +0 flail.
You shoot an arrow.
The arrow hits the gnoll but does no damage.
The gnoll is heavily wounded.
The gnoll hits you with a +0 flail.
You shoot an arrow. The arrow hits the gnoll.
The gnoll is severely wounded.
The gnoll hits you with a +0 club. The gnoll hits you with a +0 flail!
The gnoll hits you with a +0 flail. The gnoll misses you.
You are too injured to fight recklessly!
The gnoll attacks as you move away! The gnoll misses you.
Fire: a) +0 shortbow
Press: ? - help, Q - select action Shift-Dir - straight line, f/p - gnoll
Aim: a gnoll, wielding a +0 flail (severely wounded, 68% to hit)
You shoot an arrow. The arrow barely misses the gnoll.
The arrow closely misses the gnoll.
The gnoll hits you with a +0 club.
* * * LOW HITPOINT WARNING * * *
Fire: a) +0 shortbow
Press: ? - help, Q - select action Shift-Dir - straight line, f/p - gnoll
Aim: a gnoll, wielding a +0 flail (severely wounded, 68% to hit)
You shoot an arrow.
The arrow hits the gnoll but does no damage.
The gnoll is severely wounded.
The gnoll completely misses you. The gnoll barely misses you.
Fire: a) +0 shortbow
Press: ? - help, Q - select action Shift-Dir - straight line, f/p - gnoll
Aim: a gnoll, wielding a +0 flail (severely wounded, 68% to hit)
You shoot an arrow. The arrow completely misses the gnoll.
The gnoll hits you with a +0 club.
* * * LOW HITPOINT WARNING * * *
The gnoll hits you with a +0 flail!
You die...

###.#.#
#...........
#.##.###.##########
#. #.#.##
#.###..######
#............#
######..##.####....
...........# ##
######..#### #.@#
#gg# #.<).....#
##........
#########


You could see 2 gnolls.

Vanquished Creatures
  Jessica (D:2)
  A gnoll (D:2)
  A worm (D:2)
  A ball python (D:2)
  2 endoplasms (D:2)
  A goblin (D:2)
  A hobgoblin (D:2)
  2 bats (D:2)
  2 frilled lizards (D:2)
  4 rats (D:2)
16 creatures vanquished.

Notes
Turn   | Place    | Note
-------+----------+-------------------------------------------
     0 | D:1      | RogueRain17 the Demonspawn Hunter began the quest for the
                  | Orb.
     0 | D:1      | Reached XP level 1. HP: 16/16 MP: 1/1
    74 | D:1      | You fall into a shaft and drop 1 floor!
    82 | D:2      | Noticed Jessica
    85 | D:2      | Killed Jessica
    86 | D:2      | Reached skill level 4 in Ranged Weapons
    86 | D:2      | Reached skill level 1 in Stealth
    86 | D:2      | Gained mutation: You have sharp fingernails. [demonic
                  | ancestry]
    86 | D:2      | Reached XP level 2. HP: 22/22 MP: 2/2
   110 | D:2      | Reached XP level 3. HP: 27/27 MP: 3/3
   231 | D:2      | Found a runed translucent door.
   232 | D:2      | Noticed Crazy Yiuf
   486 | D:2      | Slain by a gnoll

Illustrated notes

Levels and vault maps discovered:
D:1:      mrwooster_arrival_statue_3, layout_loops_ring,
          shapermc_ecumenical_altar_mp_vishouse, minivault_4
D:2:      layout_loops_ring, grunt_decor_mini_mirrors, uniq_crazy_yiuf_cottage,
          uniq_jessica

Skill      XL: |  1  2  3 |
---------------+----------+-----
Ranged Weapons | 4 |  4.5
Stealth        | 1 2 |  2.0
Fighting       | |  2.0
Dodging        | |  1.7

Action                   || total
-------------------------++-------
 Fire: Shortbow          ||    55
Armor: Leather armour    ||     3
Dodge: Dodged            ||    11
